TOP OF THE 1ST |
Appleton Foxes batting - Pitching for Burlington Bees : RHP Jim McCoy
|
Pitching: RHP Jim McCoy
|
|
Batting: LHB Mike Woodard
|
0-0: Ball 1-0: Ball 2-0: Called Strike 2-1: Foul Ball, location: 2F 2-2: Ground out 4-3 (Groundball, 4D, EV 80.6 MPH)
|
Batting: SHB Matt Gallegos
|
0-0: Foul Ball, location: 2F 0-1: Swinging Strike 0-2: Ball 1-2: Foul Ball, location: 2F 1-2: Ball 2-2: Ground out 6-3 (Groundball, 6MD, EV 104.4 MPH)
|
Batting: RHB Randy Asadoor
|
0-0: Called Strike 0-1: Ball 1-1: Foul Ball, location: 2F 1-2: Foul Ball, location: 2F 1-2: SINGLE (Flyball, 89M, EV 84.4 MPH)
|
Batting: RHB George Hinshaw
|
0-0: Called Strike Randy Asadoor steals 2nd base 0-1: Ground out 6-3 (Groundball, 6, EV 81.9 MPH)
|
Top of the 1st over - 0 runs, 1 hit, 0 errors, 1 left on base; Appleton 0 - Burlington 0 |
BOTTOM OF THE 1ST |
Burlington Bees batting - Pitching for Appleton Foxes : RHP Danny Ortiz
|
Pitching: RHP Danny Ortiz
|
|
Batting: RHB Mike Quade
|
0-0: Ball 1-0: Called Strike 1-1: Ball 2-1: Ball 3-1: Foul Ball, location: 2F 3-2: Strikes out swinging
|
Batting: LHB Brian Devalk
|
0-0: Called Strike 0-1: Ball 1-1: Ball 2-1: Ground out 6-3 (Groundball, 6MS, EV 90.6 MPH)
|
Batting: LHB Herm Winningham
|
0-0: Ball 1-0: Foul Ball, location: 2F 1-1: Fly out, F5 (Popup, 56, EV 61.3 MPH)
|
Bottom of the 1st over - 0 runs, 0 hits, 0 errors, 0 left on base; Appleton 0 - Burlington 0 |
TOP OF THE 2ND |
Appleton Foxes batting - Pitching for Burlington Bees : RHP Jim McCoy
|
Batting: RHB Victor Mata
|
0-0: Ball 1-0: Foul Ball, location: 2F 1-1: Foul Ball, location: 2F 1-2: Reached on error, E3 (Groundball, 34S, EV 87.5 MPH)
|
Batting: LHB John Csefalvay
|
0-0: Foul Ball, location: 2F 0-1: Ball 1-1: Ball 2-1: Foul Ball, location: 2F 2-2: Ball 3-2: SINGLE (Groundball, 34D, EV 107.5 MPH) Victor Mata to second Victor Mata to third
|
Batting: RHB Howard Lopes
|
0-0: Ball John Csefalvay steals 2nd base 1-0: Ground out 4-3 (Groundball, 4, EV 86.9 MPH) Victor Mata scores John Csefalvay to third
|
Batting: RHB Peter Rowe
|
0-0: Ball 1-0: Called Strike 1-1: Ball 2-1: Ball 3-1: Fly out, F8 (Flyball, 8LXD, EV 91.3 MPH) Runner from 3rd tags up, SCORES, no throw by CF
|
Batting: RHB Philip Sutton
|
0-0: Called Strike 0-1: Ground out 5-3 (Groundball, 56, EV 87.5 MPH)
|
Top of the 2nd over - 2 runs, 1 hit, 1 error, 0 left on base; Appleton 2 - Burlington 0 |
BOTTOM OF THE 2ND |
Burlington Bees batting - Pitching for Appleton Foxes : RHP Danny Ortiz
|
Batting: RHB Bob Gergen
|
0-0: Foul Ball, location: 2F 0-1: Foul Ball, location: 2F 0-2: Ball 1-2: Strikes out swinging
|
Batting: LHB Keith Hagman
|
0-0: Swinging Strike 0-1: Ball 1-1: Fly out, F4 (Flyball, 34D, EV 86.3 MPH)
|
Batting: LHB Pat Castiglia
|
0-0: Foul Ball, location: 2F 0-1: Foul Ball, location: 2F 0-2: Foul Ball, location: 2F 0-2: Strikes out swinging
|
Bottom of the 2nd over - 0 runs, 0 hits, 0 errors, 0 left on base; Appleton 2 - Burlington 0 |
TOP OF THE 3RD |
Appleton Foxes batting - Pitching for Burlington Bees : RHP Jim McCoy
|
Batting: LHB Mike Woodard
|
0-0: Ball 1-0: Ball 2-0: Called Strike 2-1: Fly out, F8 (Flyball, 8RD, EV 101.9 MPH)
|
Batting: SHB Matt Gallegos
|
0-0: SINGLE (Flyball, 78S, EV 91.3 MPH)
|
Batting: RHB Randy Asadoor
|
0-0: Called Strike Matt Gallegos steals 2nd base 0-1: Called Strike 0-2: SINGLE (Flyball, 6D, EV 87.5 MPH) Matt Gallegos to third
|
Batting: RHB George Hinshaw
|
0-0: Ball 1-0: Called Strike 1-1: Called Strike 1-2: SINGLE (Line Drive, 4MD, EV 98.8 MPH) Matt Gallegos scores Randy Asadoor to second Runner from 2nd tries for 3rd, SAFE, no throw by CF
|
Batting: RHB Victor Mata
|
0-0: Fly out, F8 (Flyball, 78XD, EV 98.8 MPH) Runner from 3rd tags up, SCORES, no throw by CF
|
Batting: LHB John Csefalvay
|
0-0: Ball 1-0: Called Strike 1-1: Ball 2-1: Swinging Strike 2-2: Ball 3-2: Strikes out looking
|
Top of the 3rd over - 2 runs, 3 hits, 0 errors, 1 left on base; Appleton 4 - Burlington 0 |
BOTTOM OF THE 3RD |
Burlington Bees batting - Pitching for Appleton Foxes : RHP Danny Ortiz
|
Batting: RHB Collin Tanabe
|
0-0: Called Strike 0-1: Ball 1-1: Ground out 6-3 (Groundball, 56, EV 91.3 MPH)
|
Batting: RHB Mike Morse
|
0-0: Ball 1-0: Called Strike 1-1: Ball 2-1: Foul Ball, location: 2F 2-2: Strikes out swinging
|
Batting: RHB Bob Hicks
|
0-0: Called Strike 0-1: Called Strike 0-2: Ball 1-2: Strikes out looking
|
Bottom of the 3rd over - 0 runs, 0 hits, 0 errors, 0 left on base; Appleton 4 - Burlington 0 |
TOP OF THE 4TH |
Appleton Foxes batting - Pitching for Burlington Bees : RHP Jim McCoy
|
Batting: RHB Howard Lopes
|
0-0: Ball 1-0: Swinging Strike 1-1: Ball 2-1: Called Strike 2-2: Ball 3-2: Ground out U3 (Groundball, 34, EV 88.1 MPH)
|
Batting: RHB Peter Rowe
|
0-0: Reached on error, E1 (Groundball, P, EV 59.4 MPH)
|
Batting: RHB Philip Sutton
|
0-0: Called Strike 0-1: Ball 1-1: Called Strike 1-2: Ball 2-2: Ball 3-2: Fly out, F7 (Flyball, 78M, EV 88.8 MPH)
|
Batting: LHB Mike Woodard
|
0-0: Called Strike 0-1: Called Strike 0-2: Ball 1-2: SINGLE (Flyball, 8RS, EV 97.5 MPH) Peter Rowe to second Runner from 2nd tries for 3rd, SAFE, throw by CF made to third
|
Batting: SHB Matt Gallegos
|
0-0: Foul Ball, location: 2F 0-1: Swinging Strike 0-2: Ball 1-2: Ball 2-2: Foul Ball, location: 2F 2-2: Ball 3-2: Foul Ball, location: 2F 3-2: Fly out, F7 (Flyball, 7S, EV 78.8 MPH)
|
Top of the 4th over - 0 runs, 1 hit, 1 error, 2 left on base; Appleton 4 - Burlington 0 |
BOTTOM OF THE 4TH |
Burlington Bees batting - Pitching for Appleton Foxes : RHP Danny Ortiz
|
Batting: RHB Mike Quade
|
0-0: Ball 1-0: Foul Ball, location: 2F 1-1: Ball 2-1: Ground out 6-3 (Groundball, 6MS, EV 68.8 MPH)
|
Batting: LHB Brian Devalk
|
0-0: Called Strike 0-1: Ball 1-1: Ball 2-1: Fly out, F3 (Flyball, 3D, EV 96.9 MPH)
|
Batting: LHB Herm Winningham
|
0-0: Ball 1-0: Called Strike 1-1: Ball 2-1: Ball 3-1: Base on Balls
|
Batting: RHB Bob Gergen
|
0-0: Ball 1-0: Called Strike 1-1: Ball 2-1: Ball 3-1: Base on Balls Herm Winningham to second
|
Batting: LHB Keith Hagman
|
0-0: Ball 1-0: Ball 2-0: Ball 3-0: Base on Balls Herm Winningham to third Bob Gergen to second
|
Batting: LHB Pat Castiglia
|
0-0: Called Strike 0-1: Ball 1-1: Ball 2-1: Foul Ball, location: 2F 2-2: Fly out, F8 (Flyball, 8RS, EV 85.0 MPH)
|
Bottom of the 4th over - 0 runs, 0 hits, 0 errors, 3 left on base; Appleton 4 - Burlington 0 |
TOP OF THE 5TH |
Appleton Foxes batting - Pitching for Burlington Bees : RHP Jim McCoy
|
Batting: RHB Randy Asadoor
|
0-0: Ball 1-0: Ball 2-0: Called Strike 2-1: Ball 3-1: Base on Balls
|
Batting: RHB George Hinshaw
|
0-0: Called Strike 0-1: Ball 1-1: Foul Ball, location: 2F 1-2: Foul Ball, location: 2F 1-2: Ball 2-2: SINGLE (Flyball, 8RS, EV 88.1 MPH) Randy Asadoor to second
|
Batting: RHB Victor Mata
|
0-0: Ball 1-0: Ball 2-0: Fly out, F7 (Flyball, 7S, EV 95.0 MPH)
|
Batting: LHB John Csefalvay
|
0-0: Ball 1-0: SINGLE (Groundball, 5S, EV 67.5 MPH) (infield hit) Randy Asadoor to third George Hinshaw to second
|
Batting: RHB Howard Lopes
|
0-0: Called Strike 0-1: Foul Ball, location: 2F 0-2: Ball 1-2: Fielders Choice at 2nd, 5-4 (Groundball, 5, EV 80.0 MPH) Randy Asadoor scores George Hinshaw to third
|
Batting: RHB Peter Rowe
|
0-0: Ball 1-0: Fielders Choice at 2nd, U6 (Groundball, 6M, EV 80.6 MPH)
|
Top of the 5th over - 1 run, 2 hits, 0 errors, 2 left on base; Appleton 5 - Burlington 0 |
BOTTOM OF THE 5TH |
Burlington Bees batting - Pitching for Appleton Foxes : RHP Danny Ortiz
|
Batting: RHB Collin Tanabe
|
0-0: Ball 1-0: Ball 2-0: Ball 3-0: Base on Balls
|
Batting: RHB Mike Morse
|
0-0: Foul Ball, location: 2F 0-1: Foul Ball, location: 2F 0-2: Ball 1-2: Ball 2-2: Fielders Choice at 2nd, 3-6 (Groundball, 34, EV 88.8 MPH)
|
Batting: RHB Bob Hicks
|
0-0: Called Strike 0-1: Called Strike 0-2: Strikes out swinging
|
Batting: RHB Mike Quade
|
0-0: Foul Ball, location: 2F 0-1: Ball 1-1: Ball 2-1: Ball 3-1: Foul Ball, location: 2F 3-2: Ground out 6-3 (Groundball, 6M, EV 111.9 MPH)
|
Bottom of the 5th over - 0 runs, 0 hits, 0 errors, 1 left on base; Appleton 5 - Burlington 0 |
TOP OF THE 6TH |
Appleton Foxes batting - Pitching for Burlington Bees : RHP Jim McCoy
|
Batting: RHB Philip Sutton
|
0-0: Ball 1-0: Ball 2-0: Ball 3-0: Called Strike 3-1: SINGLE (Flyball, 4MD, EV 98.1 MPH)
|
Batting: LHB Mike Woodard
|
0-0: Ball 1-0: Called Strike 1-1: Foul Ball, location: 2F 1-2: Ball 2-2: Fielders Choice at 2nd, 4-6 (Groundball, 4, EV 106.3 MPH)
|
Batting: SHB Matt Gallegos
|
0-0: Called Strike 0-1: Swinging Strike 0-2: Strikes out swinging Mike Woodard steals 2nd base Batter strikes out.
|
Batting: RHB Randy Asadoor
|
0-0: Ball 1-0: Ball 2-0: Foul Ball, location: 2F 2-1: Foul Ball, location: 2F 2-2: Ball 3-2: 2-RUN HOME RUN (Flyball, 78XD, EV 105.0 MPH), Distance : 429 ft
|
Pitching: LHP Randall Binkley
|
|
Batting: RHB George Hinshaw
|
0-0: Foul Ball, location: 2F 0-1: Ball 1-1: Ball 2-1: Called Strike 2-2: Fly out, F9 (Flyball, 9S, EV 90.6 MPH)
|
Top of the 6th over - 2 runs, 2 hits, 0 errors, 0 left on base; Appleton 7 - Burlington 0 |
BOTTOM OF THE 6TH |
Burlington Bees batting - Pitching for Appleton Foxes : RHP Danny Ortiz
|
Batting: LHB Brian Devalk
|
0-0: Ball 1-0: Fly out, F9 (Line Drive, 9D, EV 93.8 MPH)
|
Batting: LHB Herm Winningham
|
0-0: Foul Ball, location: 2F 0-1: Ball 1-1: Called Strike 1-2: Ball 2-2: Reached on error, E4 (Groundball, 4, EV 99.4 MPH)
|
Batting: RHB Bob Gergen
|
0-0: Called Strike 0-1: Grounds into double play, 4-6-3 (Groundball, 4, EV 103.1 MPH)
|
Bottom of the 6th over - 0 runs, 0 hits, 1 error, 0 left on base; Appleton 7 - Burlington 0 |
TOP OF THE 7TH |
Appleton Foxes batting - Pitching for Burlington Bees : LHP Randall Binkley
|
Batting: RHB Victor Mata
|
0-0: Foul Ball, location: 2F 0-1: Ball 1-1: Called Strike 1-2: Strikes out swinging
|
Batting: LHB John Csefalvay
|
0-0: Ball 1-0: Ground out 3-1 (Groundball, 13, EV 81.3 MPH)
|
Batting: RHB Howard Lopes
|
0-0: Called Strike 0-1: Swinging Strike 0-2: Ball 1-2: Strikes out looking
|
Top of the 7th over - 0 runs, 0 hits, 0 errors, 0 left on base; Appleton 7 - Burlington 0 |
BOTTOM OF THE 7TH |
Burlington Bees batting - Pitching for Appleton Foxes : RHP Danny Ortiz
|
Pinch Hitting: RHB Ronald Adkins
|
0-0: Swinging Strike 0-1: Fly out, F2 (Popup, 2RF, EV 95.0 MPH)
|
Batting: LHB Pat Castiglia
|
0-0: Called Strike 0-1: Swinging Strike 0-2: Ball 1-2: Ball 2-2: Fly out, F8 (Flyball, 8RS, EV 86.9 MPH)
|
Batting: RHB Collin Tanabe
|
0-0: Called Strike 0-1: Called Strike 0-2: Ball 1-2: Strikes out swinging
|
Bottom of the 7th over - 0 runs, 0 hits, 0 errors, 0 left on base; Appleton 7 - Burlington 0 |
TOP OF THE 8TH |
Appleton Foxes batting - Pitching for Burlington Bees : LHP Randall Binkley
|
Now at 1B: Jeffrey Dunn
|
|
Batting: RHB Peter Rowe
|
0-0: Ball 1-0: Foul Ball, location: 2F 1-1: Called Strike 1-2: Ball 2-2: Fly out, F8 (Flyball, 8RD, EV 96.9 MPH)
|
Batting: RHB Philip Sutton
|
0-0: Ball 1-0: Ground out 4-3 (Groundball, 4M, EV 90.6 MPH)
|
Batting: LHB Mike Woodard
|
0-0: Ball 1-0: Foul Ball, location: 2F 1-1: Foul Ball, location: 2F 1-2: Ball 2-2: SINGLE (Line Drive, 4MD, EV 96.9 MPH)
|
Batting: SHB Matt Gallegos
|
0-0: Ball 1-0: Ball 2-0: Ball 3-0: Called Strike 3-1: Called Strike 3-2: Base on Balls Mike Woodard to second
|
Batting: RHB Randy Asadoor
|
0-0: Ball 1-0: Called Strike 1-1: Fly out, F8 (Flyball, 78M, EV 83.1 MPH)
|
Top of the 8th over - 0 runs, 1 hit, 0 errors, 2 left on base; Appleton 7 - Burlington 0 |
BOTTOM OF THE 8TH |
Burlington Bees batting - Pitching for Appleton Foxes : RHP Danny Ortiz
|
Batting: RHB Mike Morse
|
0-0: Called Strike 0-1: Foul Ball, location: 2F 0-2: Ground out 6-3 (Groundball, 6, EV 80.0 MPH)
|
Batting: RHB Bob Hicks
|
0-0: Foul Ball, location: 2F 0-1: Fly out, F9 (Line Drive, 9, EV 99.4 MPH)
|
Batting: RHB Mike Quade
|
0-0: Ball 1-0: Ball 2-0: Reached on error, E9 (Flyball, 9LS, EV 84.4 MPH)
|
Batting: LHB Brian Devalk
|
0-0: Ball 1-0: Ball 2-0: Foul Ball, location: 2F 2-1: Ball 3-1: Base on Balls
|
Batting: LHB Herm Winningham
|
0-0: SINGLE (Groundball, 6MD, EV 98.8 MPH) (infield hit) Mike Quade to third Brian Devalk to second
|
Pitching: RHP John McGuckin
|
|
Batting: RHB Bob Gergen
|
0-0: Called Strike 0-1: Ball 1-1: Ball 2-1: Ball 3-1: Base on Balls Mike Quade scores Brian Devalk to third Herm Winningham to second
|
Batting: LHB Jeffrey Dunn
|
0-0: Called Strike 0-1: Ball 1-1: Ball 2-1: Ball 3-1: Reached via error on a dropped throw from SS, E4 (Groundball, 6, EV 83.8 MPH) Brian Devalk scores Herm Winningham to third Bob Gergen to second
|
Batting: LHB Pat Castiglia
|
0-0: Swinging Strike 0-1: Swinging Strike 0-2: Ball 1-2: Strikes out looking
|
Bottom of the 8th over - 2 runs, 1 hit, 2 errors, 3 left on base; Appleton 7 - Burlington 2 |
TOP OF THE 9TH |
Appleton Foxes batting - Pitching for Burlington Bees : LHP Randall Binkley
|
Batting: RHB George Hinshaw
|
0-0: Called Strike 0-1: Fly out, F8 (Flyball, 8LS, EV 86.9 MPH)
|
Batting: RHB Victor Mata
|
0-0: Called Strike 0-1: Called Strike 0-2: SINGLE (Line Drive, 3D, EV 106.3 MPH)
|
Batting: LHB John Csefalvay
|
0-0: Fly out, F8 (Flyball, 8RD, EV 98.1 MPH) Runner from 1st tags up, SAFE at 2nd
|
Batting: RHB Howard Lopes
|
0-0: Foul Ball, location: 3F, Error on foul ball, E3 0-1: Ball 1-1: Ball 2-1: Swinging Strike 2-2: Ball 3-2: Fly out, F6 (Popup, 6MD, EV 70.0 MPH)
|
Top of the 9th over - 0 runs, 1 hit, 1 error, 1 left on base; Appleton 7 - Burlington 2 |
BOTTOM OF THE 9TH |
Burlington Bees batting - Pitching for Appleton Foxes : RHP John McGuckin
|
Pitching: RHP Jaime Cocanower
|
|
Batting: RHB Collin Tanabe
|
0-0: Ball 1-0: Ground out 5-3 (Groundball, 25, EV 83.8 MPH)
|
Batting: RHB Mike Morse
|
0-0: Ball 1-0: Ball 2-0: Foul Ball, location: 2F 2-1: Called Strike 2-2: Ball 3-2: Foul Ball, location: 2F 3-2: SINGLE (Groundball, 34D, EV 99.4 MPH)
|
Batting: RHB Bob Hicks
|
0-0: Fly out, F9 (Flyball, 9LD, EV 95.6 MPH)
|
Batting: RHB Mike Quade
|
0-0: Foul Ball, location: 2F 0-1: Ball 1-1: Ball 2-1: Fielders Choice at 2nd, 5-4 (Groundball, 5L, EV 86.3 MPH)
|
Bottom of the 9th over - 0 runs, 1 hit, 0 errors, 1 left on base; Appleton 7 - Burlington 2 |
|